Map: Catalyst LE

Players

CScitrons - Winner!

  • Race: Terran Terran
  • League: Diamond
  • Spawn Location: 5:00

Eleard

  • Race: Zerg Zerg
  • League: Platinum
  • Spawn Location: 11:00

VOD

Have the link to the VOD?

Description

for sc academy my game as eleard zvt

Time

  • Played on: June 21, 2018, 11:51 a.m.
  • Length: 21:11
Show
View Real Time Build Order
Export as new Build Order

CScitrons Terran - Winner!

Build Orders: Mech 

Get SALT Encoding   

  12  0:01  SCV  
  13  0:13  SCV  
  14  0:17  Supply Depot  
  14  0:25  SCV  
  15  0:29  Refinery  
  15  0:39  SCV  
  16  0:46  Barracks  
  16  0:52  SCV  
  17  1:04  SCV  
  18  1:16  SCV  
  19  1:35  Factory  
  19  1:37  Marine  
  19  1:39  Orbital Command  
  20  1:48  Supply Depot  
  20  1:52  Refinery  
  20  1:56  Marine  
  21  2:15  Barracks Reactor  
  21  2:22  SCV  
  22  2:28  Command Center  
  22  2:34  SCV  
  23  2:39  Starport  
  23  2:48  SCV  
  24  3:00  SCV  
  24  3:02  Hellion x2  
  28  3:16  Barracks Reactor  
  28  3:18  Viking  
  30  3:23  SCV  
  31  3:34  Factory  
  31  3:46  Supply Depot  
  31  3:51  SCV, Hellion x2  
  36  4:03  SCV  
  37  4:14  Factory  
  37  4:15  SCV, Hellion x2  
  42  4:23  Factory Tech Lab  
  42  4:25  Medivac  
  42  4:27  SCV  
  45  4:34  SCV  
  46  4:39  SCV  
  47  4:46  SCV  
  47  4:51  SCV  
  49  5:01  Siege Tank  
  49  5:05  SCV  
  54  5:07  Orbital Command  
  54  5:10  Refinery  
  54  5:13  Factory Tech Lab  
  53  5:17  SCV  
  54  5:42  Supply Depot  
  54  5:43  Supply Depot  
  54  5:58  Armory  
  54  6:03  SCV x2  
  54  6:04  Siege Tank, Hellion x2  
  60  6:07  Siege Tank  
  66  6:15  SCV x2  
  64  6:25  Hellion  
  66  6:27  SCV x2  
  66  6:36  Siege Tank  
  70  6:40  SCV  
  69  6:48  SCV  
  70  7:00  Supply Depot x2  
  70  7:04  Engineering Bay  
  70  7:07  Supply Depot  
  70  7:22  Siege Tank, Hellion x3, SCV x2, Medivac x2  
  85  7:23  Supply Depot  
  85  7:27  Supply Depot, Hellion x4  
  85  7:32  Terran Vehicle Weapons Level 1  
  85  7:34  SCV x2  
  85  7:36  Refinery  
  87  7:43  Hellion x2  
  91  7:46  SCV x2  
  93  7:54  Hellion  
  93  7:58  SCV x2  
  97  8:00  Factory  
  97  8:01  Factory  
  97  8:05  Hellion  
  99  8:10  Supply Depot, SCV x2  
  101  8:14  Supply Depot  
  101  8:22  SCV x2  
  97  8:32  Siege Tank x2  
  97  8:33  Hellion x2  
  107  8:34  SCV x2  
  109  8:43  Command Center  
  109  8:46  SCV  
  109  8:47  Factory Reactor  
  109  8:48  Factory Tech Lab  
  114  8:55  Missile Turret  
  114  8:58  Missile Turret  
  120  9:10  Thor  
  120  9:11  Thor  
  120  9:12  Hellion  
  120  9:13  Hellion  
  126  9:19  Missile Turret  
  126  9:20  Hellion  
  126  9:21  Hellion  
  104  9:34  Hellion x2  
  106  9:42  Hellion x2  
  110  9:54  Siege Tank x2  
  110  9:55  Hellion  
  110  9:56  Hellion  
  120  10:03  Siege Tank  
  125  10:17  Factory Reactor, Hellion  
  125  10:23  Command Center  
  125  10:26  Command Center  
  125  10:27  Command Center  
  125  10:29  Supply Depot  
  125  10:43  Siege Tank, Hellion x3  
  130  11:04  Thor x2, Hellion  
  130  11:05  Hellion  
  130  11:07  SCV  
  145  11:19  SCV x2  
  147  11:31  SCV  
  148  11:34  Thor  
  154  11:43  Orbital Command, Supply Depot  
  154  11:46  Supply Depot  
  152  11:47  Thor  
  152  11:48  Supply Depot  
  123  12:03  Hellion  
  123  12:04  Hellion x4  
  133  12:18  Hellion  
  133  12:20  Command Center  
  133  12:22  SCV  
  136  12:45  Orbital Command x2  
  136  12:48  SCV x3  
  129  13:00  SCV x3  
  132  13:12  SCV  
  124  13:13  SCV x2  
  119  13:34  Siege Tank x3  
  118  13:35  Hellion x2  
  118  13:36  Hellion x2  
  118  13:37  Medivac  
  118  13:39  SCV  
  131  13:44  Orbital Command  
  131  13:57  Hellion x3  
  137  14:06  Siege Tank x2  
  140  14:14  Siege Tank  
  128  14:19  Hellion  
  128  14:20  Hellion x3  
  128  14:23  Orbital Command  
  130  14:25  Infernal Pre-Igniter  
  130  14:38  Siege Tank x2  
  133  14:40  Hellion  
  133  14:41  Hellion  
  140  14:46  Siege Tank  
  143  14:57  Hellion  
  143  14:58  Hellion  
  139  15:02  Hellion x2  
  143  15:10  Refinery, Siege Tank x2  
  143  15:12  Refinery  
  149  15:17  SCV x2  
  149  15:18  SCV x4  
  149  15:19  Hellion x2  
  159  15:25  Terran Vehicle Weapons Level 2  
  159  15:29  SCV x2  
  159  15:30  SCV x2  
  159  15:33  Armory  
  163  15:36  Orbital Command  
  163  15:38  Refinery  
  163  15:39  Refinery, SCV  
  163  15:41  SCV x2  
  166  15:43  Thor  
  151  16:07  Thor x2  
  151  16:10  SCV  
  151  16:11  SCV x2  
  166  16:19  SCV x2  
  166  16:23  Hellion  
  166  16:24  Hellion x3  
  176  16:25  Thor  
  182  16:45  Hellion  
  184  16:48  Command Center  
  184  16:50  Thor  
  141  17:46  Siege Tank x3  
  132  18:18  Thor x3  
  128  18:20  Hellion x4  
  128  18:41  Hellion  
  128  18:42  Hellion x3  
  109  18:56  Factory x2  
  109  18:58  SCV x2  
  109  18:59  SCV, Factory  
  109  19:01  Siege Tank, Thor x2  
  129  19:03  Hellion x4  
  137  19:24  Hellion  
  137  19:25  Hellion x3  
  143  19:33  Siege Tank  
  146  19:44  Siege Tank, Hellion  
  153  19:45  Hellion  
  153  19:46  Hellion x3  
  157  20:06  Hellion x2  
  146  20:07  Hellion x4  
  132  20:16  Siege Tank  
  126  20:27  Siege Tank x2  
  134  20:28  Hellion  
  134  20:29  Hellion x3  
Show
View Real Time Build Order
Export as new Build Order

Eleard Zerg 

Build Orders: Hatch First 

Get SALT Encoding   

  12  0:08  Overlord  
  12  0:13  Drone  
  13  0:17  Drone  
  14  0:26  Drone  
  15  0:30  Drone  
  16  0:40  Drone  
  17  0:55  Hatchery  
  17  0:56  Drone  
  17  1:02  Drone  
  18  1:10  Extractor  
  17  1:18  Spawning Pool  
  17  1:19  Drone  
  17  1:24  Drone  
  18  1:36  Drone  
  19  1:45  Overlord  
  19  1:56  Drone  
  20  2:06  Queen  
  20  2:07  Queen  
  24  2:09  Zergling x4  
  26  2:18  Drone  
  26  2:20  Drone  
  28  2:25  Metabolic Boost  
  28  2:31  Drone  
  28  2:35  Drone  
  30  2:42  Queen  
  30  2:43  Drone x2  
  34  2:51  Overlord  
  34  2:58  Drone  
  35  3:05  Drone  
  36  3:14  Drone x2  
  36  3:18  Baneling Nest  
  36  3:19  Drone x4  
  41  3:24  Overlord  
  41  3:25  Drone x2  
  43  3:32  Extractor, Pneumatized Carapace  
  42  3:34  Queen  
  44  3:42  Drone x2  
  44  3:45  Overlord  
  46  3:53  Drone x4  
  50  3:57  Overlord, Extractor  
  49  4:05  Overlord  
  49  4:10  Queen  
  49  4:11  Overlord x2  
  49  4:12  Zergling x2  
  52  4:26  Roach Warren  
  52  4:30  Spine Crawler  
  52  4:31  Spine Crawler  
  49  4:36  Drone x3  
  52  4:40  Spine Crawler, Drone x3  
  53  4:55  Drone x2  
  53  4:56  Overlord, Drone  
  56  5:01  Spore Crawler  
  56  5:02  Spine Crawler  
  54  5:15  Lair  
  54  5:17  Drone x2  
  54  5:18  Overlord  
  54  5:19  Roach  
  54  5:20  Roach x3  
  64  5:32  Evolution Chamber  
  64  5:33  Spore Crawler, Evolution Chamber  
  64  5:35  Spore Crawler  
  60  5:36  Drone x4  
  64  5:55  Overlord x2  
  64  6:01  Extractor  
  63  6:08  Roach  
  63  6:09  Roach x5  
  63  6:10  Roach x2  
  79  6:16  Hatchery  
  74  6:35  Roach x2  
  74  6:36  Roach x4  
  86  6:54  Spine Crawler  
  85  6:59  Overlord  
  85  7:00  Drone x3  
  85  7:01  Drone x2  
  91  7:10  Ravager x4  
  91  7:11  Ravager x2  
  91  7:14  Drone x2  
  91  7:15  Drone  
  100  7:16  Queen x2  
  100  7:20  Zerg Missile Weapons Level 1, Zerg Ground Armor Level 1  
  104  7:25  Spine Crawler  
  104  7:28  Centrifical Hooks  
  103  7:40  Spore Crawler  
  103  7:41  Spine Crawler  
  101  7:45  Roach x5  
  111  7:52  Drone x3  
  114  8:00  Roach x2  
  114  8:01  Roach  
  120  8:14  Zergling x2  
  121  8:24  Drone  
  121  8:26  Overlord x2  
  121  8:31  Glial Reconstitution  
  121  8:45  Baneling x3  
  121  8:47  Zergling x2  
  121  8:48  Zergling x16  
  130  8:52  Queen x2  
  134  8:55  Hatchery  
  134  8:56  Drone x3  
  134  8:57  Drone  
  126  9:26  Zergling x2  
  126  9:27  Zergling x20  
  117  9:37  Zergling x4  
  106  9:43  Baneling  
  106  9:44  Baneling  
  106  9:45  Baneling  
  100  9:49  Drone x4  
  100  9:50  Drone  
  105  9:53  Extractor  
  105  9:54  Extractor  
  103  10:06  Roach x5  
  113  10:15  Zerg Ground Armor Level 2, Infestation Pit  
  113  10:16  Zerg Melee Weapons Level 1  
  113  10:19  Baneling x2  
  113  10:20  Baneling x10  
  113  10:21  Roach x5  
  114  10:22  Roach  
  124  10:29  Roach  
  124  10:30  Roach x2  
  130  10:37  Roach  
  130  10:42  Zergling x6  
  135  10:43  Zergling x2  
  132  10:59  Spore Crawler, Spine Crawler  
  130  11:04  Roach  
  130  11:05  Roach  
  134  11:17  Overlord x3  
  134  11:19  Drone  
  134  11:21  Hatchery  
  134  11:24  Baneling x5  
  134  11:25  Baneling  
  134  11:27  Ravager  
  135  11:40  Drone x3  
  135  11:44  Extractor  
  133  11:47  Extractor  
  92  11:55  Zergling x2  
  92  11:56  Zergling x34  
  89  12:09  Roach x4  
  97  12:21  Overlord  
  97  12:22  Overlord x2  
  97  12:23  Infestor x2  
  97  12:29  Overlord  
  101  12:30  Overlord, Roach  
  101  12:31  Roach x3  
  101  12:34  Baneling x5  
  101  12:35  Baneling x4  
  110  12:37  Drone x3  
  110  12:41  Roach  
  110  12:42  Roach x4  
  122  12:48  Zergling x14  
  104  12:59  Zergling x20  
  108  13:06  Roach  
  108  13:10  Baneling x3  
  108  13:11  Baneling x2  
  87  13:26  Roach x3  
  87  13:27  Roach x8  
  98  13:31  Roach  
  98  13:32  Roach x2  
  94  13:37  Roach  
  94  13:38  Roach  
  97  13:45  Roach x3  
  97  13:46  Roach  
  104  13:58  Zergling x2  
  104  13:59  Zergling x8  
  105  14:08  Zergling x18  
  105  14:09  Zergling x6  
  117  14:16  Hatchery  
  112  14:21  Zergling x4  
  112  14:22  Zergling x2  
  113  14:31  Hatchery  
  111  14:49  Drone x4  
  111  14:50  Drone x2  
  114  15:06  Baneling  
  114  15:10  Ravager x3  
  114  15:11  Ravager x2  
  119  15:14  Baneling  
  119  15:15  Baneling x2, Hatchery  
  118  15:26  Drone  
  118  15:27  Drone x2  
  121  15:35  Zerg Melee Weapons Level 2  
  103  16:02  Baneling  
  103  16:03  Baneling x16  
  101  16:05  Roach x2  
  105  16:13  Drone x3  
  105  16:17  Drone x2  
  110  16:23  Roach x3  
  116  16:35  Overlord  
  116  16:36  Overlord  
  116  16:44  Zergling x2  
  116  16:45  Zergling x4  
  116  16:46  Roach x3  
  125  16:51  Roach x3  
  125  17:13  Roach x9  
  125  17:14  Roach  
  145  17:15  Baneling  
  145  17:16  Baneling x3  
  145  17:17  Baneling  
  138  17:44  Zergling x16  
  137  17:45  Zergling x12  
  150  17:53  Drone x2  
  150  17:54  Overlord x2  
  152  18:00  Ravager x2  
  152  18:01  Ravager x4  
  136  18:17  Zergling x22  
  82  18:37  Roach  
  82  18:38  Roach x8  
  95  18:45  Queen x3  
  95  18:46  Queen  
  96  19:02  Extractor  
  95  19:15  Roach  
  95  19:16  Roach x10  
  117  19:24  Extractor  
  117  19:27  Hatchery  
  117  19:29  Overlord x2, Drone  
  116  19:38  Ravager  
  116  19:39  Baneling, Ravager x2  
  116  19:41  Roach x5  
  116  19:45  Ravager x2  
  131  19:46  Ravager x2  
  131  19:47  Zergling x2  
  131  19:48  Zergling x2  
  135  19:53  Zergling x2  
  135  19:54  Zergling x6  
  139  20:06  Zergling x14  
  118  20:07  Zergling x2  
  86  20:23  Roach x6  
  86  20:26  Baneling x3  
  96  20:29  Queen  
  98  20:48  Spire, Drone x3  
  98  20:49  Drone  
  101  20:53  Zergling x8  
  101  20:54  Zergling x4  
  88  20:57  Extractor  
  88  21:01  Extractor  
Tags
 
Composition
Mech
Matchup
TvZ
Spawn Locations
Cross Positions
Add a new tag
Caveats
  • Supply blocks, unpowered buildings, or Contaminate may cause inaccurate times.
  • Supply counts are checked every 10 seconds.